Map: Old Estate

Players

PaulMaudDib

  • Race: Protoss Protoss
  • Spawn Location: 3:00

thanos

  • Race: Terran Terran
  • League: Silver
  • Spawn Location: 1:00

Meggidian

  • Race: Protoss Protoss
  • Spawn Location: 1:00

General

  • Race: Protoss Protoss
  • League: Master
  • Spawn Location: 3:00

Acolite

  • Race: Protoss Protoss
  • Spawn Location: 9:00

Infamous

  • Race: Protoss Protoss
  • League: Silver
  • Spawn Location: 7:00

Nick

  • Race: Protoss Protoss
  • Spawn Location: 7:00

Marauder

  • Race: Terran Terran
  • Spawn Location: 7:00

VOD

Have the link to the VOD?

Description

Time

  • Played on: March 14, 2018, 2:21 p.m.
  • Length: 6:32
Show
View Real Time Build Order
Export as new Build Order

PaulMaudDib Protoss 

Build Orders:  

Get SALT Encoding   

  12  0:02  Probe  
  13  0:27  Assimilator  
  13  0:44  Probe (Chrono Boost)  
  13  0:49  Assimilator  
  14  0:53  Pylon  
  14  0:56  Probe (Chrono Boost)  
  15  1:09  Probe (Chrono Boost)  
  16  1:15  Forge  
  16  1:25  Gateway  
  16  1:35  Probe (Chrono Boost)  
  17  1:46  Probe (Chrono Boost)  
  18  1:55  Photon Cannon  
  18  2:10  Photon Cannon  
  18  2:14  Cybernetics Core  
  18  2:20  Pylon  
  18  2:24  Probe  
  19  3:05  Nexus  
  19  3:22  Stargate  
  19  3:30  Photon Cannon  
  19  3:42  Stargate  
  19  3:51  Assimilator  
  19  3:59  Assimilator  
  19  4:04  Probe  
  20  4:24  Stargate  
  20  4:36  Void Ray  
  24  4:45  Probe (Chrono Boost)  
  25  4:53  Probe (Chrono Boost)  
  26  5:28  Nexus  
  26  5:48  Pylon  
  26  5:52  Probe  
  27  6:04  Probe  
  28  6:16  Probe  
Show
View Real Time Build Order
Export as new Build Order

thanos Terran 

Build Orders:  

Get SALT Encoding   

  12  0:20  Engineering Bay  
  12  0:46  Supply Depot  
  12  0:53  SCV  
  13  0:57  Refinery  
  13  1:05  SCV  
  14  1:13  Supply Depot  
  14  1:17  SCV  
  15  1:24  Refinery  
  15  1:29  SCV  
  16  1:41  SCV  
  17  1:53  SCV  
  18  1:55  Barracks  
  18  2:05  SCV  
  19  2:18  SCV  
  20  2:30  SCV  
  21  2:42  SCV  
  21  2:44  Barracks, Barracks Reactor  
  22  2:54  Barracks, SCV  
  23  3:04  Factory  
  23  3:06  SCV  
  24  3:18  SCV  
  25  3:24  Reaper x2  
  27  3:33  Barracks  
  27  3:36  Barracks Reactor  
  27  3:49  Factory  
  27  3:53  Barracks Reactor  
  27  3:56  Reaper x2  
  29  4:15  Reaper x2, Command Center  
  31  4:21  Barracks Reactor  
  31  4:29  Barracks  
  31  5:00  Supply Depot  
  31  5:17  Barracks  
  31  5:21  Reaper x3  
  31  5:23  Supply Depot  
Show
View Real Time Build Order
Export as new Build Order

Meggidian Protoss 

Build Orders: Dark Templar Rush 

Get SALT Encoding   

  12  0:15  Probe (Chrono Boost)  
  13  0:25  Probe (Chrono Boost)  
  14  0:34  Pylon  
  14  0:54  Forge  
  14  0:59  Gateway  
  14  1:02  Assimilator  
  14  1:03  Probe (Chrono Boost)  
  15  1:12  Probe (Chrono Boost)  
  15  1:17  Probe (Chrono Boost)  
  17  1:35  Assimilator  
  17  1:42  Pylon  
  17  1:43  Probe  
  18  1:55  Probe (Chrono Boost)  
  19  2:07  Probe (Chrono Boost)  
  20  2:14  Probe (Chrono Boost)  
  20  2:15  Photon Cannon  
  21  2:22  Probe, Cybernetics Core  
  22  2:23  Zealot  
  24  2:34  Probe  
  25  2:46  Probe  
  26  2:58  Probe  
  27  3:01  Twilight Council  
  27  3:06  Gateway  
  27  3:10  Probe  
  28  3:13  Gateway  
  28  3:15  Warp Gate  
  28  3:45  Dark Shrine  
  28  3:50  Probe  
  28  3:52  Zealot  
  31  3:56  Pylon  
  31  4:14  Probe  
  32  4:23  Protoss Ground Weapons Level 1  
  32  4:26  Probe  
  33  4:41  Probe (Chrono Boost)  
  33  4:44  Zealot x2  
  38  4:51  Probe (Chrono Boost)  
  39  5:10  Nexus  
  39  5:16  Pylon  
  39  5:34  Probe, Zealot  
  42  5:42  Photon Cannon  
  49  6:31  Pylon  
Show
View Real Time Build Order
Export as new Build Order

General Protoss 

Build Orders: Blink Stalkers, Dark Templar Rush 

Get SALT Encoding   

  12  0:01  Probe  
  13  0:13  Probe  
  14  0:19  Pylon  
  14  0:25  Probe  
  15  0:37  Probe (Chrono Boost)  
  15  0:40  Gateway  
  16  0:49  Probe (Chrono Boost), Assimilator  
  17  0:55  Probe (Chrono Boost)  
  18  1:03  Assimilator  
  18  1:04  Probe  
  19  1:09  Pylon  
  19  1:16  Probe (Chrono Boost)  
  21  1:27  Probe (Chrono Boost)  
  21  1:30  Cybernetics Core  
  21  1:31  Probe (Chrono Boost)  
  22  1:42  Probe  
  23  1:54  Probe  
  24  2:05  Warp Gate (Chrono Boost)  
  24  2:06  Probe  
  25  2:10  Twilight Council  
  25  2:15  Pylon  
  25  2:18  Probe  
  26  2:33  Gateway x2  
  26  2:41  Probe  
  27  2:50  Dark Shrine  
  27  3:26  Pylon, Nexus  
  27  3:34  Probe  
  27  3:38  Pylon  
  28  3:46  Probe  
  29  3:51  Blink (Chrono Boost)  
  29  4:01  Robotics Facility  
  29  4:03  Forge  
  29  4:06  Dark Templar  
  29  4:09  Dark Templar  
  33  4:16  Dark Templar  
  35  4:38  Protoss Ground Weapons Level 1 (Chrono Boost)  
  35  4:41  Probe  
  35  4:42  Probe  
  35  4:54  Probe x2  
  37  5:00  Dark Templar  
  37  5:06  Probe x2  
  41  5:12  Immortal (Chrono Boost)  
  41  5:18  Probe x2  
  47  5:30  Probe x2  
  49  5:37  Pylon  
  49  5:41  Assimilator  
  49  5:42  Probe (Chrono Boost)  
  51  5:45  Probe (Chrono Boost), Assimilator  
  51  5:50  Robotics Bay  
  51  5:54  Probe (Chrono Boost)  
  51  5:56  Pylon  
  53  5:58  Probe (Chrono Boost)  
  53  5:59  Probe (Chrono Boost)  
  54  6:06  Probe  
  53  6:15  Probe  
  56  6:18  Probe  
  57  6:28  Nexus  
  57  6:30  Pylon  
  57  6:31  Pylon  
Show
View Real Time Build Order
Export as new Build Order

Acolite Protoss 

Build Orders:  

Get SALT Encoding   

  12  0:02  Probe  
  13  0:14  Probe  
  14  0:25  Pylon  
  14  0:27  Probe  
  15  0:31  Assimilator  
  15  0:43  Probe  
  16  0:51  Assimilator  
  16  0:55  Probe  
  17  1:07  Probe  
  18  1:19  Probe  
  19  1:31  Probe  
  20  1:43  Probe, Nexus  
  20  1:47  Assimilator  
  21  1:53  Assimilator  
  21  1:55  Probe  
  22  2:07  Probe  
  23  2:12  Pylon  
  23  2:30  Probe, Forge  
  24  2:42  Probe (Chrono Boost)  
  25  2:44  Gateway  
  25  2:46  Pylon  
  25  2:54  Probe (Chrono Boost)  
  26  3:01  Probe (Chrono Boost)  
  27  3:09  Probe x2  
  29  3:21  Probe (Chrono Boost)  
  29  3:23  Probe (Chrono Boost)  
  31  3:33  Probe (Chrono Boost)  
  33  3:37  Probe (Chrono Boost)  
  33  3:39  Probe (Chrono Boost)  
  33  3:40  Cybernetics Core  
  33  3:41  Pylon  
  34  3:45  Probe  
  34  3:47  Probe (Chrono Boost)  
  36  3:57  Probe (Chrono Boost)  
  38  4:05  Probe (Chrono Boost)  
  38  4:07  Probe (Chrono Boost)  
  39  4:10  Pylon  
  39  4:12  Probe x2 (Chrono Boost)  
  39  4:13  Pylon  
  41  4:23  Probe x2  
  43  4:27  Pylon, Twilight Council  
  43  4:32  Pylon  
  43  4:35  Pylon, Probe  
  43  4:36  Probe  
  36  4:57  Pylon  
  32  5:03  Pylon  
  29  5:13  Photon Cannon  
  26  5:24  Photon Cannon  
  26  5:28  Photon Cannon  
Show
View Real Time Build Order
Export as new Build Order

Infamous Protoss 

Build Orders: Oracle Opening 

Get SALT Encoding   

  12  0:03  Probe  
  13  0:15  Probe  
  13  0:20  Pylon  
  14  0:27  Probe  
  15  0:39  Gateway  
  15  0:40  Probe  
  16  0:55  Probe (Chrono Boost)  
  17  1:00  Assimilator  
  17  1:05  Probe (Chrono Boost)  
  17  1:10  Probe (Chrono Boost)  
  19  1:29  Probe (Chrono Boost), Cybernetics Core  
  20  1:35  Zealot  
  23  1:41  Probe (Chrono Boost)  
  23  1:43  Pylon  
  23  1:46  Assimilator  
  23  2:03  Warp Gate (Chrono Boost)  
  23  2:30  Stargate  
  23  2:32  Probe  
  24  2:54  Pylon  
  24  2:57  Probe  
  25  3:11  Oracle (Chrono Boost)  
  28  3:25  Stargate  
  28  3:37  Probe  
  29  3:51  Probe, Nexus  
  29  3:52  Pylon  
  29  3:53  Oracle (Chrono Boost)  
  29  3:54  Pylon  
  33  4:07  Probe  
  34  4:19  Probe  
  38  4:26  Oracle (Chrono Boost)  
  38  4:53  Forge  
  38  5:12  Oracle  
  23  5:36  Photon Cannon  
  23  5:41  Probe (Chrono Boost)  
  23  5:42  Fleet Beacon  
  23  5:46  Probe (Chrono Boost)  
  22  5:51  Probe (Chrono Boost)  
  22  5:55  Probe (Chrono Boost)  
  16  6:15  Probe x2  
Show
View Real Time Build Order
Export as new Build Order

Nick Protoss 

Build Orders:  

Get SALT Encoding   

  12  0:01  Probe  
  13  0:15  Probe  
  14  0:26  Pylon  
  14  0:27  Probe  
  15  0:45  Probe (Chrono Boost)  
  15  0:47  Gateway  
  16  0:51  Assimilator  
  16  0:57  Probe (Chrono Boost)  
  17  1:02  Probe (Chrono Boost)  
  18  1:11  Probe  
  19  1:23  Probe  
  20  1:29  Forge  
  20  1:35  Probe  
  21  1:40  Cybernetics Core  
  21  1:46  Zealot  
  23  2:04  Nexus  
  23  2:16  Pylon  
  23  2:25  Warp Gate (Chrono Boost)  
  23  2:26  Photon Cannon  
  23  2:34  Probe  
  24  2:37  Assimilator  
  24  2:46  Probe  
  25  2:58  Probe (Chrono Boost)  
  26  3:08  Stalker  
  26  3:10  Probe (Chrono Boost)  
  29  3:17  Probe (Chrono Boost)  
  31  3:20  Probe (Chrono Boost), Photon Cannon  
  32  3:29  Probe x2 (Chrono Boost)  
  32  3:32  Pylon  
  33  3:34  Probe (Chrono Boost)  
  33  3:36  Probe  
  35  3:46  Probe  
  36  3:48  Pylon, Probe  
  37  3:58  Probe  
  37  4:01  Probe  
  39  4:04  Pylon  
  39  4:11  Probe  
  39  4:13  Probe  
  41  4:19  Nexus  
  41  4:22  Pylon  
  42  4:24  Probe (Chrono Boost)  
  41  4:32  Probe (Chrono Boost)  
  41  4:34  Probe (Chrono Boost)  
  36  4:57  Probe x2  
  38  5:05  Robotics Facility  
  38  5:09  Probe x2  
  38  5:28  Probe (Chrono Boost)  
  38  5:34  Probe (Chrono Boost)  
  39  5:38  Probe (Chrono Boost)  
  39  5:42  Probe (Chrono Boost)  
  41  5:53  Observer (Chrono Boost)  
  42  6:02  Stargate x2  
  42  6:04  Stargate  
  42  6:14  Observer (Chrono Boost)  
  43  6:18  Probe  
  43  6:19  Probe x2  
Show
View Real Time Build Order
Export as new Build Order

Marauder Terran 

Build Orders:  

Get SALT Encoding   

  12  0:18  SCV  
  13  0:22  Supply Depot  
  13  0:31  SCV  
  14  0:47  Barracks  
  14  0:50  Barracks  
  14  0:51  SCV  
  15  1:00  Refinery  
  15  1:03  SCV  
  16  1:15  SCV  
  17  1:27  SCV  
  19  1:40  SCV, Refinery  
  19  1:57  Barracks Tech Lab  
  19  2:01  Barracks Tech Lab  
  19  2:08  SCV  
  20  2:22  Reaper x2  
  22  2:24  SCV  
  23  2:38  Command Center  
  23  2:50  Factory  
  23  3:02  Supply Depot  
  23  3:04  SCV  
  23  3:24  SCV  
  23  3:25  Supply Depot  
  24  3:36  SCV  
  25  3:42  Supply Depot  
  25  3:43  Factory Tech Lab  
  25  3:48  SCV  
  26  4:04  Engineering Bay  
  26  4:07  Cyclone  
  29  4:19  Factory  
  29  4:22  Rapid Fire Launchers  
  29  4:25  SCV  
  29  4:27  SCV  
  31  4:49  Orbital Command  
  31  5:04  Factory Tech Lab  
  31  5:11  Supply Depot  
  31  5:42  Missile Turret  
  23  6:19  SCV  
Tags
 
Add a new tag
Caveats
  • Supply blocks, unpowered buildings, or Contaminate may cause inaccurate times.
  • Supply counts are checked every 10 seconds.